 Dungeon Sprint DCSS version 0.31-a0-743-g45f7035092 (webtiles) character file.

Game seed: 7114666005104441299

598 rocky1 the Carver (level 7, -1/56 HPs)
             Began as a Djinni Gladiator on Sept 13, 2023.
             Was an Initiate of Gozag.
             Slain by a centaur warrior (9 damage)
             ... in the Dungeon (Sprint IX: "|||||||||||||||||||||||||||||").
             The game lasted 00:01:37 (558 turns).

rocky1 the Carver (Djinni Gladiator)                 Turns: 558, Time: 00:01:38

Health: -1/56      AC: 12    Str: 13    XL:     7   Next: 68%
Gold:   468        EV:  6    Int: 16    God:    Gozag SH:  0 Dex: 16

rFire   + + .        b - +2 scimitar (flame)
rCold   x . .        (no shield)
rNeg    . . .        o - +0 plate armour
rPois   ∞            c - +0 helmet
rElec   .            (no cloak)
rCorr   .            (no gloves)
SInv    .            (boots unavailable)
Will    .....        (no amulet) Stlth
                     m - +3 ring of intelligence
HPRegen 0.29/turn    l - +3 ring of intelligence
MPRegen 0.00/turn

%: no teleportation, infuse magic (-2 HP)
@: flying, hasted, invisible, very quick
A: sickness immunity, fire resistance 2, cold vulnerability 1, float, innate
caster, HP casting, extra vitality 1
a: Renounce Religion, Potion Petition, Call Merchant, Bribe Branch


You were in the Dungeon.
You worshipped Gozag.
Gozag was aware of your devotion.
You visited 1 branch You collected 468 gold pieces.

Inventory:

Hand Weapons
 a - a +0 long sword
 b - a +2 scimitar of flaming (weapon)
Missiles
 d - 3 throwing nets (quivered)
 e - a javelin
 n - 8 poisoned darts
Armour
 c - a +0 helmet (worn)
 o - a +0 plate armour (worn)
Jewellery
 l - a +3 ring of intelligence (right hand)
 m - a +3 ring of intelligence (left hand)
Wands
 k - a wand of quicksilver (10)
Scrolls
 j - 2 scrolls of blinking
Potions
 f - 4 potions of curing


   Skills:
 + Level 6.0 Fighting
 + Level 10.3 Long Blades
 + Level 3.5 Throwing
 + Level 3.6 Armour
 + Level 9.2 Dodging


You knew the following spells:

 Your Spells              Type           Power      Damage    Failure   Level
a - Sandblast             Erth           0%         2d4       100%        1
b - Static Discharge      Conj/Air       0%         2-2/arc   100%        2
c - Frozen Ramparts       Ice            0%         1d1       100%        3
Your spell library was empty.


Dungeon Overview and Level Annotations

Branches:
Dungeon (1/1)

Altars:
Cheibriados
Dithmenos
Elyvilon
Fedhas
Gozag
Hepliaklqana
Makhleb
Nemelex Xobeh
Okawaru
Qazlal
Ru
Trog
Uskayaw
Wu Jian
Xom
Yredelemnul
Zin
The Shining One
Jiyva
Lugonu


Innate Abilities, Weirdness & Mutations

You are immune to sickness and miasma.
You are immune to poison.
Your flesh is very heat resistant. (rF++)
You are vulnerable to cold. (rC-)
You float through the air rather than walking.
You learn spells naturally, not from books.
Your magical power is your life essence.
You have superior vitality. (+4 MHP)


Message History

The basilisk hisses angrily.
The eight-headed hydra roars!
The centaur warrior shouts!
The centaur warrior wields a +0 shortbow.
The centaur warrior shoots an arrow.
The arrow hits you!
You fade into invisibility!
The fire crab changes into a komodo dragon!
The centaur warrior shoots an arrow.
The arrow hits you!
The centaur warrior shoots an arrow.
The arrow hits you.
Unknown command.
The centaur warrior unwields a +0 shortbow.
The centaur warrior hits you but does no damage.
The centaur warrior kicks you but does no damage.
There is an open door here.
You hit the centaur warrior. You burn the centaur warrior.
The centaur warrior is lightly wounded.
The centaur warrior hits you.
The centaur warrior kicks you but does no damage.
You slash the centaur warrior! You burn the centaur warrior.
The centaur warrior is moderately wounded.
The centaur warrior hits you!
* * * LOW HITPOINT WARNING * * *
The centaur warrior kicks you.
* * * LOW HITPOINT WARNING * * *
The centaur warrior barely misses you.
The centaur warrior kicks you but does no damage.
You feel much better. The centaur warrior hits you!
The centaur warrior kicks you but does no damage.
Unknown command.
You feel yourself speed up. The centaur warrior hits you.
* * * LOW HITPOINT WARNING * * *
The centaur warrior kicks you but does no damage.
The centaur warrior hits you.
* * * LOW HITPOINT WARNING * * *
The centaur warrior barely misses you.
Unknown command.
You hit the centaur warrior. You burn the centaur warrior.
The centaur warrior is moderately wounded.
The centaur warrior hits you!
You die...
Your body crumbles into a pile of gold. ▓▓▓▓▓▓▓▓▓▓▓▓▓▓▓▓▓▓▓▓▓▓▓▓ +Wl9Dlc@.....))..[[..)?! ▓▓▓▓▓▓▓▓▓▓▓▓▓▓▓▓▓▓▓▓▓▓▓▓

You could see an eight-headed hydra (unable to see you), a centaur warrior (unable to see you), a komodo dragon shaped shifter (unable to see you), a basilisk (unable to see you), a gargoyle (unable to see you) and a shadow.

Vanquished Creatures
  2 yaks (D)
  A black bear (D)
  A kobold brigand (D)
  A killer bee (D)
  A hound (D)
  2 orc wizards (D)
  An adder (D)
  An ufetubus (D)
  2 dart slugs (D)
  A jackal (D)
  2 quokkas (D)
  A kobold (D)
16 creatures vanquished.

Notes
Turn   | Place    | Note
-------+----------+-------------------------------------------
     0 | D        | rocky1 the Djinni Gladiator began the quest for the Orb.
     0 | D        | Reached XP level 1. HP: 18/18 MP: 0/0
     9 | D        | Reached skill level 3 in Long Blades
    13 | D        | Reached XP level 2. HP: 23/23 MP: 0/0
    22 | D        | Noticed a black bear
    28 | D        | Killed a black bear
    29 | D        | Reached skill level 5 in Long Blades
    29 | D        | Reached XP level 3. HP: 30/30 MP: 0/0
    29 | D        | Learned a level 1 spell: Sandblast
    29 | D        | Reached XP level 4. HP: 35/35 MP: 0/0
    29 | D        | Reached XP level 5. HP: 40/40 MP: 0/0
    29 | D        | Learned a level 2 spell: Static Discharge
    30 | D        | Reached skill level 6 in Long Blades
    47 | D        | Found a snail-covered altar of Cheibriados.
    47 | D        | Found a shadowy altar of Dithmenos.
    47 | D        | Found a white marble altar of Elyvilon.
    47 | D        | Found a blossoming altar of Fedhas.
    47 | D        | Found an opulent altar of Gozag.
    48 | D        | Found a hazy altar of Hepliaklqana.
    49 | D        | Found a viscous altar of Jiyva.
    51 | D        | Found a corrupted altar of Lugonu.
    52 | D        | Found a burning altar of Makhleb.
    53 | D        | Found a sparkling altar of Nemelex Xobeh.
    54 | D        | Found an iron altar of Okawaru.
    55 | D        | Became a worshipper of Gozag Ym Sagoz the Greedy
    56 | D        | Found a stormy altar of Qazlal.
    57 | D        | Found a sacrificial altar of Ru.
    59 | D        | Found a bloodstained altar of Trog.
    60 | D        | Found a hide-covered altar of Uskayaw.
    62 | D        | Found an ornate altar of the Wu Jian Council.
    63 | D        | Found a shimmering altar of Xom.
    64 | D        | Found a basalt altar of Yredelemnul.
    65 | D        | Found a glowing silver altar of Zin.
    66 | D        | Found a glowing golden altar of the Shining One.
   128 | D        | Noticed a yak
   128 | D        | Noticed a yak
   128 | D        | Noticed a kobold brigand
   135 | D        | Reached skill level 7 in Long Blades
   135 | D        | Reached skill level 1 in Armour
   146 | D        | Killed a yak
   147 | D        | Reached skill level 5 in Fighting
   147 | D        | Reached skill level 8 in Long Blades
   147 | D        | Reached XP level 6. HP: 28/49 MP: 0/0
   151 | D        | Reached skill level 9 in Long Blades
   151 | D        | Reached XP level 7. HP: 28/54 MP: 0/0
   151 | D        | Learned a level 3 spell: Frozen Ramparts
   154 | D        | HP: 1/54 [yak (5)]
   158 | D        | Killed a yak
   159 | D        | Reached skill level 10 in Long Blades
   165 | D        | HP: 2/55 [killer bee (3)]
   551 | D        | Noticed a shadow
   551 | D        | Noticed a basilisk
   551 | D        | Noticed an eight-headed hydra
   551 | D        | Noticed a gargoyle
   551 | D        | Noticed a fire crab
   551 | D        | Noticed a centaur warrior
   552 | D        | a fire crab changed into a komodo dragon
   552 | D        | Noticed a komodo dragon (shapeshifter)
   558 | D        | Slain by a centaur warrior

Illustrated notes

Levels and vault maps discovered:
D:        linesprint [early_d, line_temple, items_1, d_10, items_2, lair_1,
          lair_end, items_3, orc_1, orc_end, items_4, d_15, swamp_1, shoals_1,
          snake_1, spider_1, d_20, vaults_1, items_5, swamp_end, shoals_end,
          snake_end, spider_end, vaults_end, d_27, items_6, zot_1, zot_end,
          crypt_end, forest_end, elf_end, slime_end, tomb_end, abyss_end,
          pan_hell_end]

Skill      XL: |  1  2  3  4  5  6  7 |
---------------+----------------------+-----
Long Blades    | 3 5 8 9 10 | 10.3
Dodging        | 4 6 8 9 |  9.2
Fighting       | 3 5 6 |  6.0
Throwing       | 2 3 |  3.5
Armour         | 2 3 |  3.6

Action                     |  1- 3 |  4- 6 |  7- 9 || total
---------------------------+-------+-------+-------++-------
  Melee: Long sword        |    15 |    12 |       ||    27
         Scimitar          |       |    21 |    19 ||    40
    Use: Potion            |     1 |     1 |     5 ||     7
 Armour: Leather armour    |     6 |     5 |       ||    11
         Plate armour      |       |    17 |    33 ||    50
  Dodge: Dodged            |    18 |    12 |     6 ||    36

Table legend: (Time is in decaauts)
 A = Elapsed time spent in this place.
 B = Non-inter-level travel time spent in this place.
 C = Inter-level travel time spent in this place.
 D = Time resting spent in this place.
 E = Time spent auto-exploring this place.
 F = Levels seen in this place.
 G = Mean time per level.
                   A        B        C        D        E       F      G
               +--------+--------+--------+--------+--------+-----+--------+
         Total |    568 |    568 |      0 |    365 |      0 |   1 |  568.0 |
       Dungeon |    568 |    568 |      0 |    365 |      0 |   1 |  568.0 |
               +--------+--------+--------+--------+--------+-----+--------+

Top non-repeatable levels by time:
       D: 568 daAuts
